[ AOE2 MATCH · #513867992 ]
UnrankedAztecs vs Spanish
Player's team · WIN
Rival team · LOSS
[ REPLAY ANALYSIS · EXTRACTED FROM THE RECORDED GAME ]
Feudal
9:02
Castle
21:26
Imperial
42:45
| APM avg | 88.8 |
| APM peak | 129 |
| eAPM avg | 41.6 |
| Villagers / military | 197 / 304 |
Focus
⚔️ 33.4% · 🌾 66.6%
Spearman ×120 · Eagle Scout ×88 · Skirmisher ×42 · Monk ×36 · Archer ×8 · Trebuchet (Packed) ×6
Feudal
9:29
Castle
21:25
Imperial
43:27
| APM avg | 78.7 |
| APM peak | 126 |
| eAPM avg | 33.6 |
| Villagers / military | 189 / 150 |
Focus
⚔️ 48.0% · 🌾 52.0%
Knight ×53 · Conquistador ×47 · Scout Cavalry ×19 · Skirmisher ×10 · Archer ×6 · Militia ×4
Match map
Initial resources + every placement click. Lines = walls · curves = elevation contours. ◆ gold · ⬟ stone · ● berries · ✦ relic · ◌ wall gap
Your base· Open — unwalled flank
愛情的大壞蛋's base· Open — unwalled flank
Smoothed initial terrain · ◌ = detected wall gap · hover for details
Inputs per minute
— kable.xpress - - 愛情的大壞蛋
Build order — kable.xpress
First 150 of 629 actions detected
| 0:00 | Queue | Villager (Male) |
| 0:01 | Queue | Villager (Male) |
| 0:01 | Queue | Villager (Male) |
| 0:01 | Queue | Villager (Male) |
| 0:02 | Build | House |
| 0:03 | Build | House |
| 1:22 | Queue | Villager (Male) |
| 1:59 | Build | Lumber Camp |
| 2:04 | Queue | Villager (Male) |
| 2:05 | Queue | Villager (Male) |
| 2:05 | Queue | Villager (Male) |
| 2:05 | Queue | Villager (Male) |
| 2:33 | Queue | Villager (Male) |
| 3:16 | Queue | Villager (Male) |
| 3:16 | Queue | Villager (Male) |
| 3:33 | Queue | Villager (Male) |
| 3:39 | Build | House |
| 4:05 | Queue | Villager (Male) |
| 4:06 | Queue | Villager (Male) |
| 4:06 | Queue | Villager (Male) |
| 4:06 | Queue | Villager (Male) |
| 4:13 | Build | House |
| 4:52 | Queue | Villager (Male) |
| 5:43 | Build | Barracks |
| 5:48 | Queue | Villager (Male) |
| 5:55 | Build | Palisade Wall |
| 5:57 | Build | Palisade Wall |
| 6:17 | Research | Loom |
| 6:52 | Research | Feudal Age |
| 6:52 | Research | Feudal Age |
| 6:52 | Research | Feudal Age |
| 7:33 | Queue | Militia |
| 7:33 | Queue | Militia |
| 7:33 | Queue | Militia |
| 7:45 | Build | Mining Camp |
| 8:14 | Queue | Militia |
| 8:52 | Build | Palisade Wall |
| 8:54 | Build | Palisade Wall |
| 8:58 | Build | Palisade Wall |
| 9:02 | Age | Feudal Age |
| 9:04 | Queue | Villager (Male) |
| 9:06 | Research | Man-at-Arms (upgrade) |
| 9:06 | Research | Man-at-Arms (upgrade) |
| 9:06 | Queue | Villager (Male) |
| 9:19 | Build | Mill |
| 9:25 | Build | Archery Range |
| 9:30 | Build | Palisade Wall |
| 9:32 | Build | Palisade Wall |
| 9:33 | Build | Palisade Wall |
| 9:36 | Build | House |
| 9:39 | Build | Palisade Wall |
| 9:39 | Build | Palisade Wall |
| 9:50 | Queue | Villager (Male) |
| 9:59 | Build | House |
| 10:07 | Queue | Villager (Male) |
| 10:18 | Queue | Villager (Male) |
| 10:24 | Queue | Archer |
| 10:27 | Build | House |
| 10:39 | Queue | Archer |
| 10:43 | Queue | Villager (Male) |
| 10:44 | Queue | Villager (Male) |
| 10:52 | Build | Farm |
| 11:07 | Queue | Villager (Male) |
| 11:07 | Queue | Villager (Male) |
| 11:07 | Queue | Villager (Male) |
| 11:10 | Build | Farm |
| 11:25 | Queue | Villager (Male) |
| 11:27 | Build | Farm |
| 11:40 | Queue | Archer |
| 11:41 | Queue | Archer |
| 11:49 | Build | Farm |
| 12:02 | Queue | Villager (Male) |
| 12:04 | Build | Farm |
| 12:06 | Build | House |
| 12:16 | Queue | Archer |
| 12:21 | Research | Double-Bit Axe |
| 12:21 | Research | Double-Bit Axe |
| 12:39 | Queue | Villager (Male) |
| 12:39 | Queue | Villager (Male) |
| 12:41 | Build | Farm |
| 12:53 | Queue | Archer |
| 12:53 | Queue | Archer |
| 12:55 | Queue | Villager (Male) |
| 12:55 | Queue | Villager (Male) |
| 12:55 | Queue | Villager (Male) |
| 13:19 | Queue | Villager (Male) |
| 13:32 | Queue | Archer |
| 13:38 | Queue | Villager (Male) |
| 13:41 | Build | Blacksmith |
| 13:46 | Queue | Villager (Male) |
| 13:51 | Queue | Villager (Male) |
| 13:51 | Queue | Villager (Male) |
| 14:03 | Queue | Villager (Male) |
| 14:09 | Queue | Villager (Male) |
| 14:16 | Build | Farm |
| 14:18 | Build | Farm |
| 14:23 | Build | Farm |
| 14:30 | Build | Farm |
| 14:33 | Research | Fletching |
| 14:42 | Queue | Skirmisher |
| 14:42 | Queue | Skirmisher |
| 14:47 | Queue | Villager (Male) |
| 14:47 | Queue | Villager (Male) |
| 14:47 | Queue | Villager (Male) |
| 14:50 | Build | Farm |
| 15:17 | Build | Farm |
| 15:23 | Queue | Villager (Male) |
| 15:24 | Queue | Villager (Male) |
| 15:26 | Build | House |
| 15:33 | Queue | Skirmisher |
| 15:34 | Queue | Skirmisher |
| 15:49 | Queue | Skirmisher |
| 16:06 | Queue | Villager (Male) |
| 16:09 | Queue | Eagle Scout |
| 16:09 | Queue | Eagle Scout |
| 16:15 | Build | Farm |
| 16:18 | Build | Farm |
| 16:40 | Queue | Villager (Male) |
| 16:51 | Queue | Skirmisher |
| 16:58 | Queue | Villager (Male) |
| 17:01 | Build | Farm |
| 17:08 | Build | Farm |
| 17:19 | Queue | Skirmisher |
| 17:22 | Queue | Eagle Scout |
| 17:27 | Build | House |
| 17:47 | Queue | Villager (Male) |
| 17:48 | Queue | Eagle Scout |
| 17:49 | Queue | Skirmisher |
| 18:09 | Queue | Villager (Male) |
| 18:22 | Queue | Villager (Male) |
| 18:25 | Build | Market |
| 18:34 | Build | Farm |
| 18:46 | Research | Castle Age |
| 18:46 | Research | Castle Age |
| 18:46 | Research | Castle Age |
| 19:09 | Research | Horse Collar |
| 19:09 | Research | Horse Collar |
| 19:14 | Queue | Skirmisher |
| 19:14 | Queue | Skirmisher |
| 19:36 | Build | Lumber Camp |
| 20:25 | Build | Lumber Camp |
| 20:32 | Research | Padded Archer Armor |
| 20:35 | Research | Scale Mail Armor |
| 20:39 | Queue | Eagle Scout |
| 20:39 | Queue | Eagle Scout |
| 20:44 | Build | House |
| 20:51 | Build | House |
| 20:52 | Build | House |
| 21:01 | Research | Gold Mining |
| 21:11 | Build | House |
Build order — 愛情的大壞蛋
First 150 of 601 actions detected
| 0:00 | Queue | Villager (Male) |
| 0:01 | Queue | Villager (Male) |
| 0:02 | Build | House |
| 0:02 | Queue | Villager (Male) |
| 0:04 | Build | House |
| 0:12 | Queue | Villager (Male) |
| 0:13 | Queue | Villager (Male) |
| 1:31 | Queue | Villager (Male) |
| 2:05 | Queue | Villager (Male) |
| 2:05 | Queue | Villager (Male) |
| 2:05 | Queue | Villager (Male) |
| 2:25 | Queue | Villager (Male) |
| 2:25 | Queue | Villager (Male) |
| 2:42 | Build | Barracks |
| 2:49 | Queue | Villager (Male) |
| 2:49 | Queue | Villager (Male) |
| 3:10 | Queue | Villager (Male) |
| 3:37 | Queue | Villager (Male) |
| 3:40 | Queue | Villager (Male) |
| 3:58 | Build | House |
| 4:06 | Queue | Militia |
| 4:06 | Queue | Militia |
| 4:13 | Research | Loom |
| 4:17 | Queue | Villager (Male) |
| 4:17 | Queue | Villager (Male) |
| 4:17 | Queue | Villager (Male) |
| 4:26 | Build | House |
| 4:35 | Queue | Villager (Male) |
| 4:36 | Queue | Villager (Male) |
| 4:56 | Queue | Militia |
| 5:44 | Queue | Villager (Male) |
| 5:44 | Queue | Villager (Male) |
| 5:50 | Build | Lumber Camp |
| 6:10 | Queue | Villager (Male) |
| 7:19 | Research | Feudal Age |
| 7:19 | Research | Feudal Age |
| 8:36 | Queue | Militia |
| 8:55 | Build | House |
| 9:12 | Build | Mining Camp |
| 9:29 | Age | Feudal Age |
| 9:31 | Queue | Villager (Male) |
| 9:32 | Research | Double-Bit Axe |
| 9:32 | Research | Double-Bit Axe |
| 9:33 | Build | Palisade Wall |
| 9:36 | Build | Palisade Wall |
| 9:37 | Build | Palisade Wall |
| 9:37 | Build | Palisade Wall |
| 9:46 | Build | Archery Range |
| 9:50 | Queue | Villager (Male) |
| 9:58 | Queue | Villager (Male) |
| 10:01 | Build | Palisade Wall |
| 10:02 | Build | Palisade Wall |
| 10:10 | Build | Palisade Wall |
| 10:14 | Queue | Villager (Male) |
| 10:22 | Research | Man-at-Arms (upgrade) |
| 10:22 | Research | Man-at-Arms (upgrade) |
| 10:22 | Research | Man-at-Arms (upgrade) |
| 10:24 | Build | Mill |
| 10:36 | Queue | Skirmisher |
| 10:47 | Queue | Villager (Male) |
| 10:47 | Queue | Villager (Male) |
| 10:50 | Build | Farm |
| 10:51 | Build | Farm |
| 10:52 | Build | Farm |
| 10:57 | Build | Farm |
| 11:07 | Queue | Archer |
| 11:14 | Build | Farm |
| 11:29 | Queue | Villager (Male) |
| 11:29 | Queue | Villager (Male) |
| 11:49 | Build | Farm |
| 11:51 | Queue | Archer |
| 11:54 | Build | House |
| 12:02 | Queue | Villager (Male) |
| 12:04 | Build | Farm |
| 12:19 | Build | House |
| 12:28 | Queue | Villager (Male) |
| 12:40 | Build | Farm |
| 12:41 | Queue | Skirmisher |
| 12:46 | Queue | Villager (Male) |
| 13:11 | Queue | Villager (Male) |
| 13:15 | Build | Blacksmith |
| 13:20 | Queue | Villager (Male) |
| 13:25 | Queue | Skirmisher |
| 13:26 | Queue | Skirmisher |
| 13:36 | Queue | Villager (Male) |
| 13:40 | Build | House |
| 13:55 | Queue | Villager (Male) |
| 13:58 | Queue | Archer |
| 13:59 | Queue | Archer |
| 14:02 | Queue | Villager (Male) |
| 14:14 | Queue | Archer |
| 14:15 | Queue | Archer |
| 14:25 | Research | Fletching |
| 14:25 | Research | Fletching |
| 14:26 | Build | House |
| 14:29 | Build | Farm |
| 14:30 | Build | Farm |
| 14:36 | Queue | Villager (Male) |
| 14:41 | Queue | Skirmisher |
| 14:44 | Build | Farm |
| 14:54 | Queue | Skirmisher |
| 15:01 | Queue | Villager (Male) |
| 15:11 | Build | House |
| 15:13 | Build | House |
| 15:13 | Build | House |
| 15:15 | Queue | Skirmisher |
| 15:21 | Build | Farm |
| 15:23 | Queue | Villager (Male) |
| 15:32 | Queue | Villager (Male) |
| 15:46 | Research | Padded Archer Armor |
| 15:49 | Build | Farm |
| 16:07 | Queue | Villager (Male) |
| 16:09 | Build | House |
| 16:15 | Queue | Skirmisher |
| 16:21 | Queue | Villager (Male) |
| 16:47 | Build | House |
| 16:55 | Queue | Villager (Male) |
| 17:01 | Build | Mining Camp |
| 17:11 | Build | Farm |
| 17:35 | Build | House |
| 17:36 | Build | Farm |
| 17:39 | Build | House |
| 18:02 | Build | Watch Tower |
| 18:09 | Build | Watch Tower |
| 18:17 | Build | House |
| 18:19 | Queue | Villager (Male) |
| 18:45 | Research | Castle Age |
| 18:45 | Research | Castle Age |
| 19:04 | Queue | Skirmisher |
| 19:04 | Queue | Skirmisher |
| 19:08 | Research | Horse Collar |
| 19:08 | Research | Horse Collar |
| 19:39 | Research | Gold Mining |
| 19:39 | Research | Gold Mining |
| 19:47 | Build | Watch Tower |
| 20:05 | Build | Farm |
| 20:36 | Research | Stone Mining |
| 20:48 | Build | Farm |
| 20:54 | Build | Farm |
| 20:59 | Queue | Villager (Male) |
| 21:11 | Queue | Villager (Male) |
| 21:25 | Age | Castle Age |
| 21:38 | Build | Market |
| 21:44 | Build | Stone Wall |
| 21:45 | Build | Stone Wall |
| 21:45 | Build | Stone Wall |
| 22:02 | Research | Leather Archer Armor |
| 22:03 | Queue | Villager (Male) |
| 22:13 | Research | Bodkin Arrow |
| 22:13 | Research | Bodkin Arrow |
Match timeline
| 2:42 | 愛情的大壞蛋 · first_building Barracks |
| 5:43 | kable.xpress · first_building Barracks |
| 5:55 | kable.xpress · wall_segment Palisade Wall x1 |
| 5:57 | kable.xpress · wall_segment Palisade Wall x1 |
| 8:52 | kable.xpress · wall_segment Palisade Wall x1 |
| 8:54 | kable.xpress · wall_segment Palisade Wall x1 |
| 8:58 | kable.xpress · wall_segment Palisade Wall x1 |
| 9:02 | kable.xpress · age_up feudal |
| 9:25 | kable.xpress · first_building Archery Range |
| 9:29 | 愛情的大壞蛋 · age_up feudal |
| 9:30 | kable.xpress · wall_segment Palisade Wall x1 |
| 9:32 | kable.xpress · wall_segment Palisade Wall x1 |
| 9:33 | kable.xpress · wall_segment Palisade Wall x1 |
| 9:33 | 愛情的大壞蛋 · wall_segment Palisade Wall x3 |
| 9:36 | 愛情的大壞蛋 · wall_segment Palisade Wall x3 |
| 9:37 | 愛情的大壞蛋 · wall_segment Palisade Wall x1 |
| 9:37 | 愛情的大壞蛋 · wall_segment Palisade Wall x1 |
| 9:39 | kable.xpress · wall_segment Palisade Wall x1 |
| 9:39 | kable.xpress · wall_segment Palisade Wall x1 |
| 9:46 | 愛情的大壞蛋 · first_building Archery Range |
| 10:01 | 愛情的大壞蛋 · wall_segment Palisade Wall x1 |
| 10:02 | 愛情的大壞蛋 · wall_segment Palisade Wall x1 |
| 10:10 | 愛情的大壞蛋 · wall_segment Palisade Wall x1 |
| 21:25 | 愛情的大壞蛋 · age_up castle |
| 21:26 | kable.xpress · age_up castle |
| 21:41 | kable.xpress · first_building Monastery |
| 21:44 | 愛情的大壞蛋 · wall_segment Stone Wall x1 |
| 21:45 | 愛情的大壞蛋 · wall_segment Stone Wall x1 |
| 21:45 | 愛情的大壞蛋 · wall_segment Stone Wall x1 |
| 22:48 | 愛情的大壞蛋 · first_market_buy 100 stone |
| 23:20 | 愛情的大壞蛋 · first_building Castle |
| 24:08 | kable.xpress · first_market_sell 100 wood |
| 24:09 | kable.xpress · first_market_buy 100 food |
| 24:31 | 愛情的大壞蛋 · wall_segment Stone Wall x1 |
| 24:31 | 愛情的大壞蛋 · wall_segment Stone Wall x1 |
| 25:27 | 愛情的大壞蛋 · first_building Stable |
| 27:03 | 愛情的大壞蛋 · first_building Monastery |
| 27:50 | 愛情的大壞蛋 · first_building Siege Workshop |
| 30:36 | kable.xpress · wall_segment Stone Wall x1 |
| 34:40 | 愛情的大壞蛋 · first_market_sell 100 wood |
| 40:50 | kable.xpress · first_building Castle |
| 42:45 | kable.xpress · age_up imperial |
| 43:27 | 愛情的大壞蛋 · age_up imperial |
| 51:22 | 愛情的大壞蛋 · resign |
[ AI ANALYSIS · 1 CREDIT ]
What really happened in this match?
Wolo.gg analyzes every decision: build order, eco, micro, common mistakes by bracket. Personalized analysis on WhatsApp or Discord in 30 seconds.
Civ guide
Aztecs
Perfil
Jugador #5279457